Map: Orbital Shipyard

Players

LilDicky - Winner!

  • Race: Terran Terran
  • League: Diamond

INnoVation

  • Race: Protoss Protoss
  • League: Diamond

VOD

http://www.twitch.tv/tumescentpie

Description

Time

  • Played on: Dec. 4, 2015, 1:51 p.m.
  • Length: 6:41
Show
View Real Time Build Order
Export as new Build Order

LilDicky Terran - Winner!

Build Orders: MMM Bio 

Get SALT Encoding   

  12  0:01  SCV  
  13  0:13  SCV  
  14  0:18  Supply Depot  
  14  0:25  SCV  
  15  0:31  Refinery  
  15  0:39  SCV  
  16  0:45  Barracks  
  16  0:51  SCV  
  17  1:04  SCV  
  18  1:16  SCV  
  19  1:28  SCV  
  20  1:34  Supply Depot  
  20  1:38  Factory  
  20  1:40  Marine  
  20  1:41  Orbital Command  
  21  1:58  Marine  
  21  2:00  Barracks  
  22  2:05  Barracks  
  22  2:09  SCV  
  22  2:13  Refinery  
  23  2:31  Barracks Reactor  
  23  2:33  SCV  
  24  2:40  Supply Depot  
  24  2:42  Widow Mine  
  26  2:47  SCV  
  26  2:49  Barracks Tech Lab  
  26  2:52  Barracks Tech Lab  
  26  2:59  SCV  
  27  3:06  Supply Depot  
  27  3:09  Marine x2  
  27  3:10  Marine  
  27  3:12  Marine  
  31  3:13  Stimpack  
  31  3:19  Widow Mine  
  33  3:22  SCV  
  33  3:23  Combat Shields  
  34  3:27  Marine x2  
  36  3:35  SCV  
  36  3:40  Marine x2  
  39  3:47  SCV  
  38  3:57  Marine  
  38  3:58  Marine x3  
  38  3:59  SCV  
  43  4:10  Widow Mine  
  43  4:13  SCV  
  43  4:15  Marine  
  47  4:31  Marine  
  47  4:32  Marine x2  
  47  4:33  Marine  
  47  4:34  Starport  
  51  4:42  Concussive Shells  
  51  4:44  Hellion  
  53  4:50  Supply Depot, Marauder  
  55  5:05  Marine x2  
  55  5:11  SCV, Marine x2  
  54  5:22  Marine  
  54  5:23  Marauder  
  57  5:28  Marine  
  57  5:30  Marauder  
  59  5:40  Marine  
  59  5:44  Marine  
  58  5:50  Marine  
  58  5:51  Marauder  
  58  5:54  Hellion  
  62  6:02  Marauder  
  62  6:03  Marine  
  63  6:11  Marine  
  63  6:12  Supply Depot  
  63  6:16  Marauder  
Show
View Real Time Build Order
Export as new Build Order

INnoVation Protoss 

Build Orders: 1 Gate Expand 

Get SALT Encoding   

  12  0:00  Probe (Chrono Boost)  
  13  0:11  Probe (Chrono Boost)  
  14  0:18  Pylon  
  14  0:22  Probe (Chrono Boost)  
  15  0:36  Probe (Chrono Boost)  
  15  0:38  Gateway  
  16  0:44  Assimilator  
  16  0:47  Probe (Chrono Boost)  
  17  0:58  Probe (Chrono Boost)  
  18  1:08  Probe (Chrono Boost)  
  19  1:22  Nexus  
  19  1:34  Cybernetics Core  
  19  1:40  Assimilator  
  19  1:41  Probe (Chrono Boost)  
  20  1:51  Pylon  
  20  1:52  Probe (Chrono Boost)  
  21  2:05  Probe (Chrono Boost)  
  22  2:11  Warp Gate (Chrono Boost)  
  22  2:12  Adept  
  24  2:16  Mothership Core (Chrono Boost)  
  26  2:26  Pylon  
  26  2:34  Probe  
  26  2:35  Probe  
  28  2:44  Probe  
  28  2:48  Probe  
  30  2:55  Probe, Pylon  
  31  2:58  Gateway  
  31  3:00  Probe  
  31  3:05  Gateway, Probe  
  33  3:16  Probe  
  33  3:17  Probe  
  33  3:29  Probe  
  33  3:33  Probe  
  34  3:41  Probe  
  36  3:47  Robotics Facility  
  36  4:09  Stalker  
  37  4:10  Stalker, Adept  
  41  4:18  Probe  
  41  4:20  Probe  
  43  4:32  Probe  
  43  4:37  Observer  
  44  4:41  Probe  
  44  4:42  Assimilator  
  44  4:43  Assimilator  
  44  4:44  Probe  
  44  4:52  Probe  
  44  4:53  Stalker, Adept x2  
  52  5:00  Probe  
  52  5:02  Probe  
  53  5:24  Pylon  
  53  5:25  Gateway  
  53  5:35  Pylon  
  51  5:57  Cybernetics Core  
Tags
 
Add a new tag
Caveats
  • Supply blocks, unpowered buildings, or Contaminate may cause inaccurate times.
  • Supply counts are checked every 10 seconds.